 Dungeon Crawl Stone Soup version 0.23.0 (webtiles) character file.

Game seed: 1973432137361963754

11 Kairos the Skirmisher (level 2, 0/25 HPs)
             Began as a Formicid Abyssal Knight on Feb 18, 2019.
             Was a Follower of Lugonu.
             Slain by a kobold
             ... wielding a +0 short sword
              (1 damage)
             ... on level 1 of the Dungeon.
             The game lasted 00:02:02 (303 turns).

Kairos the Skirmisher (Formicid Abyssal Knight)      Turns: 303, Time: 00:02:02

Health: 0/25       AC:  3    Str: 16    XL:     2   Next: 40%
Magic:  3/3        EV: 11    Int: 11    God:    Lugonu [*.....]
Gold:   115        SH:  0    Dex: 10    Spells: 1/1 levels left

rFire    . . .     SeeInvis +   a - +1 hand axe
rCold    . . .     Gourm    .   (no shield)
rNeg     . . .     Faith    .   b - +0 leather armour
rPois    .         Spirit   .   (helmet unavailable)
rElec    .         Reflect  .   (no cloak)
rCorr    .         Harm     .   (no gloves)
MR       .....                  (no boots)
Stlth    +.........             (no amulet)
HPRegen  0.08/turn              (no ring)
MPRegen  0.08/turn              (no ring)

@: no status effects
A: permanent stasis, dig shafts and tunnels, four strong arms, antennae 3
a: Dig, Shaft Self, Depart the Abyss, Renounce Religion


You were on level 1 of the Dungeon.
You worshipped Lugonu.
Lugonu was aware of your devotion.
You were not hungry.

You visited 1 branch of the dungeon, and saw 1 of its levels.
You visited the Abyss 1 time.

You collected 115 gold pieces.

Inventory:

Hand Weapons
 a - a +1 hand axe (weapon)
 j - a +0 great mace
Missiles
 l - 4 tomahawks (quivered)
Armour
 b - a +0 leather armour (worn)
Wands
 i - a wand of disintegration (19)
Scrolls
 d - 2 scrolls of remove curse {unknown}
 e - a scroll of teleportation {unknown}
 h - a scroll of identify {unknown}
Potions
 g - a potion of agility {unknown}
 k - a potion of curing {unknown}
Miscellaneous
 f - a lamp of fire
Comestibles
 c - 2 rations


   Skills:
 + Level 3.7 Fighting
 + Level 2.1 Axes
 + Level 2.4 Armour
 + Level 0.8 Dodging
 + Level 2.3 Invocations


You had one spell level left.
You didn't know any spells.
Your spell library was empty.

Dungeon Overview and Level Annotations

Branches:
Dungeon (1/15)

Altars:


Innate Abilities, Weirdness & Mutations

You cannot be hasted, slowed, berserked, paralysed or teleported.
You can dig through walls and to a lower floor.
Your four strong arms can wield two-handed weapons with a shield.
You have a pair of large antennae on your head. (SInv)


Message History

You are too injured to fight recklessly!
You are too injured to fight recklessly!
You are too injured to fight recklessly!
You are too injured to fight recklessly!
You are too injured to fight recklessly!
You are too injured to fight recklessly!
You are too injured to fight recklessly!
The kobold throws a stone.
The stone closely misses you.
The kobold throws a stone.
The stone barely misses you. The kobold barely misses you.
You closely miss the kobold.
The kobold hits you with a +0 short sword.
You barely miss the kobold. The kobold hits you but does no damage.
You hit the kobold but do no damage. The kobold misses you.
You hit the kobold.
The kobold is moderately wounded.
The kobold hits you with a +0 short sword!
* * * LOW HITPOINT WARNING * * *
The kobold hits you with a +0 short sword.
You die...

## .. #. ##. ##
.. ..
######.###.#
#......K...## ..
.......@# .. ..#
......#.# .##..#
.######.###.....+
.......((.#.....#
#####.###.....#
#.#.......+
#.........#
#####.#+###
#.#... .


You could see a kobold.

Vanquished Creatures
  A bat (D:1)
  A giant cockroach (D:1)
  A goblin (D:1)
  4 hobgoblins (D:1)
  A frilled lizard (D:1)
  2 kobolds (D:1)
10 creatures vanquished.

Notes
Turn   | Place    | Note
-------+----------+-------------------------------------------
     0 | Abyss:1  | Kairos the Formicid Abyssal Knight began the quest for the
                  | Orb.
     0 | Abyss:1  | Reached XP level 1. HP: 18/18 MP: 2/2
    50 | Abyss:2  | Noticed an apocalypse crab
    58 | Abyss:2  | Noticed a large abomination
   109 | Abyss:3  | Noticed a green death
   111 | Abyss:3  | Noticed a deep elf sorcerer
   113 | D:1      | Escaped the Abyss
   148 | D:1      | Reached * piety under Lugonu
   169 | D:1      | Reached XP level 2. HP: 8/24 MP: 3/3
   303 | D:1      | HP: 1/25 [kobold/+0 short sword (7)]
   303 | D:1      | Slain by a kobold

Action                   || total
-------------------------++-------
Melee: Hand axe          ||    26
       Great mace        ||     3
Invok: Depart the Abyss  ||     1
Armor: Leather armour    ||     9
Dodge: Dodged            ||    23
